 Dungeon Crawl Stone Soup version 0.25.0-33-gff14898491 (webtiles) character file.

Game seed: 12869667240501434025

64 xccam the Sneak (level 4, -7/29 HPs)
             Began as an Octopode Assassin on July 6, 2020.
             Killed from afar by an orc wizard (9 damage)
             ... with a puff of flame
             ... on level 2 of the Dungeon.
             The game lasted 00:01:46 (1453 turns).

xccam the Sneak (Octopode Assassin)                 Turns: 1453, Time: 00:01:47

Health: -7/29      AC:  1    Str: 10    XL:     4   Next: 12%
Magic:  4/4        EV: 13    Int: 13    God:
Gold:   7          SH:  0    Dex: 14    Spells: 3/3 levels left

rFire    . . .     SeeInvis .   a - +2 dagger
rCold    + . .     Gourm    .   (no shield)
rNeg     + . .     Faith    .   (helmet restricted)
rPois    .         Spirit   .   (no amulet)
rElec    .         Reflect  .   j - ring of positive energy
rCorr    .         Harm     .   (no ring)
MR       .....                  (no ring)
Stlth    ++++......             (no ring)
HPRegen  0.09/turn              (no ring)
MPRegen  0.09/turn              (no ring)
                                (no ring)
                                (no ring)

@: no status effects
A: almost no armour, stealthy swim, amphibious, 8 rings, constrict 8, tentacle
spike 1, camouflage 1, cold resistance 1, gelatinous body 1
a: no special abilities


You were on level 2 of the Dungeon.
You were not hungry.

You visited 1 branch of the dungeon, and saw 2 of its levels.

You collected 7 gold pieces.

Inventory:

Hand Weapons
 a - a +2 dagger (weapon)
Missiles
 b - 6 poisoned darts (quivered)
 c - 2 curare-tipped darts
Jewellery
 j - a ring of positive energy (left tentacle)
Scrolls
 g - a scroll of noise {unknown}
 h - 2 scrolls of remove curse {unknown}
 k - a scroll of random uselessness {unknown}
 l - a scroll of fear {unknown}
 n - 2 scrolls of identify {unknown}
 o - a scroll of magic mapping {unknown}
 p - a scroll of enchant armour {unknown}
 q - a scroll of teleportation {unknown}
Comestibles
 d - a ration
 f - 5 chunks of flesh


   Skills:
 - Level 2.0 Fighting
 + Level 4.3 Short Blades
 - Level 2.0 Throwing
 - Level 1.0 Dodging
 - Level 5.3 Stealth


You had 3 spell levels left.
You didn't know any spells.
Your spell library was empty.

Dungeon Overview and Level Annotations

Branches:
Dungeon (2/15)

Altars:


Innate Abilities, Weirdness & Mutations

You cannot wear most types of armour.
You are very stealthy in the water. (Stealth+)
You are amphibious.
You can wear up to eight rings at the same time.
You can use your tentacles to constrict eight enemies at once.
Your skin changes colour to match your surroundings (Stealth+).
Your rubbery body absorbs attacks. (AC +1, EV +1)
One of your tentacles bears a spike.
Your flesh is cold resistant. (rC+)


Message History

Something hits you but does no damage.
You feel better. Something hits you.
You completely miss something. Something barely misses you.
You hit something. Something hits you.
You hit something. You closely miss something.
Your tentacle spike misses something.
Something hits you.
You barely miss something.
Your tentacle spike misses something.
You squeeze something. Something hits you but does no damage.
You closely miss something.
You pierce something.
Something hits you.
* * * LOW HITPOINT WARNING * * *
You miss something. You hit something. Something hits you but does no damage.
You hit something.
You pierce something.
Something hits you.
* * * LOW HITPOINT WARNING * * *
Okay, then.
You hear some strange, mumbled words.
A puff of flame appears from out of thin air!
The puff of flame hits you!
You die...

#. ># ##....# #.# #. .#
#..#### #.# #.###.#
#..#######.. .....#
#..........# #...#
#....##.#### #...#
###.#.......# #...#
#.........#.##
.######...######<.....##.#...
....(.....{.@............#...
.............................
.$.!..................#..#...
.######...######.............
#...# ##........#### #...#
#######...... ...... #.####.
....... #.####. #...รท#.


There were no monsters in sight!

Vanquished Creatures
  3 adders (D:2)
  A dart slug (D:2)
  A leopard gecko (D:2)
  5 goblins (D:1)
  5 hobgoblins
  3 jackals (D:1)
  A ball python (D:1)
  7 bats (D:1)
  3 frilled lizards
  A kobold (D:1)
  7 rats
37 creatures vanquished.

Notes
Turn   | Place    | Note
-------+----------+-------------------------------------------
     0 | D:1      | xccam the Octopode Assassin began the quest for the Orb.
     0 | D:1      | Reached XP level 1. HP: 14/14 MP: 1/1
   174 | D:1      | Reached XP level 2. HP: 12/19 MP: 2/2
   770 | D:1      | Reached XP level 3. HP: 19/24 MP: 3/3
  1374 | D:2      | Reached XP level 4. HP: 29/29 MP: 4/4
  1441 | D:2      | Gained mutation: One of your tentacles bears a spike.
                  | [potion of mutation]
  1441 | D:2      | Gained mutation: Your flesh is cold resistant. (rC+)
                  | [potion of mutation]
  1453 | D:2      | Killed from afar by an orc wizard

Illustrated notes

Levels and vault maps discovered:
D:1:      minmay_arrival_pointy, layout_basic, minmay_distorted
D:2:      layout_loops_cross

Skill      XL: |  1  2  3 |
---------------+----------+-----
Short Blades   | 3 4 |  4.3
Fighting       | |  2.0
Throwing       | |  2.0
Dodging        | |  1.0
Stealth        | |  5.3

Action                   |  1- 3 |  4- 6 || total
-------------------------+-------+-------++-------
Melee: Dagger            |    72 |    11 ||    83
       Constrict         |    24 |       ||    24
       Tentacles         |    11 |     1 ||    12
       Kick              |       |     2 ||     2
Throw: Dart              |       |     2 ||     2
  Use: Potion            |       |     4 ||     4
 Stab: Sleeping          |     7 |       ||     7
  Eat: Chunk             |     1 |     1 ||     2
Armor: Skin              |    12 |     2 ||    14
Dodge: Dodged            |    51 |     3 ||    54
